 Dungeon Crawl Stone Soup version 0.30-a0-956-gcec3b41aec (webtiles) character file.

Game seed: 14882008817070115110

10 sircluck the Slasher (level 2, -10/26 HPs)
             Began as a Gnoll Reaver on Mar 29, 2023.
             Killed from afar by Pikel (14 damage)
             ... with a bolt of dispelling energy
             ... on level 4 of the Dungeon.
             The game lasted 00:01:07 (259 turns).

sircluck the Slasher (Gnoll Reaver)                  Turns: 259, Time: 00:01:07

Health: -10/26     AC:  3    Str: 11    XL:     2   Next: 20%
Magic:  7/7        EV: 12    Int: 12    God:
Gold:   25         SH:  0    Dex: 10    Spells: 9/10 levels left

rFire   . . .      SeeInvis .    a - +0 falchion
rCold   . . .      Faith    .    (no shield)
rNeg    . . .      Spirit   .    b - +0 leather armour
rPois   .          Reflect  .    (no helmet)
rElec   .          Rampage  .    (no cloak)
rCorr   .                        (no gloves)
Will    .....                    (no boots)
Stlth   +                        (no amulet)
HPRegen 0.24/turn                (no ring)
MPRegen 0.10/turn                (no ring)

@: no status effects
A: fangs 1, strong nose, distributed training
a: no special abilities


You were on level 4 of the Dungeon.
You visited 1 branch of the dungeon, and saw 3 of its levels.

You collected 25 gold pieces.

Inventory:

Hand Weapons
 a - a +0 falchion (weapon)
Armour
 b - a +0 leather armour (worn)
Scrolls
 d - a scroll of identify {unknown}
Potions
 c - a potion of cancellation {unknown}
 e - a potion of ambrosia {unknown}


   Skills:
 + Level 4.4 Fighting
 + Level 0.3 Short Blades
 + Level 6.4 Long Blades
 + Level 0.3 Axes
 + Level 0.3 Maces & Flails
 + Level 0.3 Polearms
 + Level 0.3 Staves
 + Level 0.3 Ranged Weapons
 + Level 0.3 Throwing
 + Level 0.3 Armour
 + Level 4.4 Dodging
 + Level 0.3 Stealth
 + Level 0.3 Shields
 + Level 0.3 Unarmed Combat
 + Level 4.9 Spellcasting
 + Level 5.3 Conjurations
 + Level 0.2 Hexes
 + Level 0.2 Summonings
 + Level 0.2 Necromancy
 + Level 0.2 Translocations
 + Level 0.2 Transmutations
 + Level 0.2 Fire Magic
 + Level 0.2 Ice Magic
 + Level 0.2 Air Magic
 + Level 0.2 Earth Magic
 + Level 0.2 Poison Magic
 + Level 0.4 Invocations
 + Level 0.3 Evocations


You had 9 spell levels left.
You knew the following spells:

 Your Spells              Type           Power      Damage    Failure   Level
a - Kiss of Death         Conj/Necr      36%        2d8       9%          1

Your spell library contained the following spells:

 Spells                   Type           Power      Damage    Failure   Level
 Momentum Strike          Conj/Tloc      18%        3d8       13%         2
 Hailstorm                Conj/Ice       9%         3d4       26%         3


Dungeon Overview and Level Annotations

Branches:
Dungeon (4/15)
 Temple: D:4-7

Altars:

Annotations:
D:4 Pikel


Innate Abilities, Weirdness & Mutations

You have very sharp teeth.
Your uncanny sense of smell can sniff out nearby items.
Your experience applies equally to all skills.


Message History

A goblin comes into view. It is wielding a +0 dagger.
The goblin shouts!
There is an open door here.
A kobold comes into view. It is wielding a +0 whip.
The kobold shouts!
The goblin hits you but does no damage.
You hit the goblin.
You kill the goblin!
You see here a +0 dagger.
The kobold barely misses you. The kobold hits you with a +0 whip.
You slash the kobold!
You kill the kobold!
Things that are here:
a +0 whip; a kobold corpse
Found a fizzy clear potion.
You open the door.
Found 9 gold pieces.
There is an open door here.
You now have 25 gold pieces (gained 9).
There is an open door here.
e - a fizzy clear potion Unknown command.
Found a robe.
Found a leather armour.
You open the door.
Pikel and 2 lemures come into view.
Pikel is wielding a +0 whip of freezing and carrying a wand of quicksilver (11).
Pikel shouts!
The lemure shouts!
You hear a shout!
A lemure comes into view.
The lemure shouts!
You hear a shout!
You close the door.
Something unseen opens the door.
Pikel zaps a wand.
The bolt of dispelling energy hits you!!
Ouch! That really hurt!
* * * LOW HITPOINT WARNING * * *
Pikel zaps a wand.
The bolt of dispelling energy hits you!
Ouch! That really hurt!
You die...

..5# ..# 55. .K#
#.# #.#
#######5#########
#.......K....@..#
#...............#
##...............#
#................#
#...##...........#
#...#..###########
#......# ###....#
#....#


You could see Pikel and a lemure.

Vanquished Creatures
  An ufetubus (D:4)
  A giant cockroach (D:4)
  A hobgoblin (D:4)
  A kobold (D:4)
  A goblin (D:4)
5 creatures vanquished.

Notes
Turn   | Place    | Note
-------+----------+-------------------------------------------
     0 | D:1      | sircluck the Gnoll Reaver began the quest for the Orb.
     0 | D:1      | Reached XP level 1. HP: 20/20 MP: 6/6
    73 | D:2      | You fall into a shaft and drop 2 floors!
   131 | D:4      | Reached XP level 2. HP: 20/26 MP: 7/7
   252 | D:4      | Noticed Pikel
   252 | D:4      | Noticed a lemure
   252 | D:4      | Noticed a lemure
   252 | D:4      | Noticed a lemure
   259 | D:4      | Killed from afar by Pikel

Illustrated notes

Levels and vault maps discovered:
D:1:      dpeg_arrival_castle, layout_basic, serial_glass, glass_columns_a,
          glass_columns_a, minmay_surrounded
D:2:      layout_rooms, uniq_robin
D:4:      layout_basic, mainiacjoe_overflow_chevrons, uniq_menkaure, uniq_pikel

Action                     || total
---------------------------++-------
  Melee: Falchion          ||     6
 Armour: Leather armour    ||     2
  Dodge: Dodged            ||     5

Table legend: (Time is in decaauts)
 A = Elapsed time spent in this place.
 B = Non-inter-level travel time spent in this place.
 C = Inter-level travel time spent in this place.
 D = Time resting spent in this place.
 E = Time spent auto-exploring this place.
 F = Levels seen in this place.
 G = Mean time per level.
                   A        B        C        D        E       F      G
               +--------+--------+--------+--------+--------+-----+--------+
         Total |    258 |    234 |     24 |      0 |     66 |   3 |   86.0 |
       Dungeon |    258 |    234 |     24 |      0 |     66 |   3 |   86.0 |
               +--------+--------+--------+--------+--------+-----+--------+

Top non-repeatable levels by time:
     D:4: 185 daAuts
     D:1: 73 daAuts
